TOP OF THE 1ST |
Las Vegas 51s batting - Pitching for Tacoma Rainiers : RHP Tyler Lovelace
|
Pitching: RHP Tyler Lovelace
|
|
Batting: RHB Tom Ferrell
|
0-0: Ball 1-0: Fly out, F6 (Line Drive, 56D, EV 68.1 MPH)
|
Batting: LHB Jose Montanez
|
0-0: Called Strike 0-1: DOUBLE (Groundball, 5L, EV 106.3 MPH)
|
Batting: RHB Curtis Thomasson
|
0-0: Swinging Strike 0-1: Foul Ball, location: 2RF 0-2: Ball 1-2: Foul Ball, location: 2F 1-2: Strikes out swinging
|
Batting: RHB Ricardo Duran
|
0-0: Ball 1-0: Swinging Strike 1-1: Called Strike 1-2: Ball 2-2: Strikes out looking
|
Top of the 1st over - 0 runs, 1 hit, 0 errors, 1 left on base; Las Vegas 0 - Tacoma 0 |
BOTTOM OF THE 1ST |
Tacoma Rainiers batting - Pitching for Las Vegas 51s : LHP Bill Burroughs
|
Pitching: LHP Bill Burroughs
|
|
Batting: RHB Ray McNary
|
0-0: Ball 1-0: Foul Ball, location: 7LDF 1-1: Ball 2-1: Ball 3-1: Called Strike 3-2: Strikes out looking
|
Batting: LHB Nick Moats
|
0-0: Called Strike 0-1: Called Strike 0-2: Ball 1-2: Ground out 6-3 (Groundball, 6, EV 85.6 MPH)
|
Batting: RHB Jose Falcon
|
0-0: Ball 1-0: Foul Ball, location: 23F 1-1: Foul Ball, location: 25F 1-2: Strikes out looking
|
Bottom of the 1st over - 0 runs, 0 hits, 0 errors, 0 left on base; Las Vegas 0 - Tacoma 0 |
TOP OF THE 2ND |
Las Vegas 51s batting - Pitching for Tacoma Rainiers : RHP Tyler Lovelace
|
Batting: SHB Jonathan Battle
|
0-0: Ball 1-0: Ball 2-0: Ball 3-0: Base on Balls
|
Batting: RHB Joe McNally
|
0-0: Called Strike Jonathan Battle steals 2nd base 0-1: TRIPLE (Line Drive, 89XD, EV 104.4 MPH) Jonathan Battle scores
|
Batting: RHB Thomas Laviosa
|
0-0: Foul Ball, location: 2F 0-1: Called Strike 0-2: Ground out 6-3 (Groundball, 6, EV 76.3 MPH) Joe McNally scores
|
Batting: RHB Shawn Atkin
|
0-0: Called Strike 0-1: Ball 1-1: Fly out, F8 (Line Drive, 8LS, EV 109.4 MPH)
|
Batting: RHB Leo Lafarga
|
0-0: Ball 1-0: Ball 2-0: Fly out, F9 (Flyball, 9LS, EV 90.6 MPH)
|
Top of the 2nd over - 2 runs, 1 hit, 0 errors, 0 left on base; Las Vegas 2 - Tacoma 0 |
BOTTOM OF THE 2ND |
Tacoma Rainiers batting - Pitching for Las Vegas 51s : LHP Bill Burroughs
|
Batting: RHB Mike Sloan
|
0-0: Foul Ball, location: 5FF 0-1: Foul Ball, location: 3FF 0-2: Ball 1-2: SINGLE (Groundball, 34D, EV 79.4 MPH) (infield hit)
|
Batting: RHB Matt Paris
|
0-0: Ball 1-0: Swinging Strike 1-1: SINGLE (Line Drive, 5D, EV 103.1 MPH) Mike Sloan to second
|
Batting: RHB Adam Sproles
|
0-0: Foul Ball, location: 2F 0-1: Foul Ball, location: 3F 0-2: Strikes out swinging
|
Batting: RHB Tony Mireles
|
0-0: DOUBLE (Line Drive, 9LM, EV 100.6 MPH) Mike Sloan scores Matt Paris to third Runner from 3rd tries for Home, SAFE, no throw by RF
|
Pinch Runner at 2nd Roberto Penaloza:
|
|
Batting: RHB Jose Valle
|
0-0: Ball 1-0: Ball 2-0: Swinging Strike 2-1: Ground out 6-3 (Groundball, 6, EV 86.3 MPH)
|
Batting: LHB Matt Stansbury
|
0-0: SINGLE (Line Drive, 9S, EV 91.3 MPH) Roberto Penaloza to third Runner from 3rd tries for Home, SAFE, throw by RF to home
|
Batting: RHB Ray McNary
|
0-0: Called Strike 0-1: Called Strike 0-2: Ball 1-2: Fly out, F6 (Popup, 6M, EV 70.0 MPH)
|
Bottom of the 2nd over - 3 runs, 4 hits, 0 errors, 1 left on base; Las Vegas 2 - Tacoma 3 |
TOP OF THE 3RD |
Las Vegas 51s batting - Pitching for Tacoma Rainiers : RHP Tyler Lovelace
|
Now at C: Roberto Penaloza
|
|
Batting: RHB Tom Ferrell
|
0-0: Called Strike 0-1: Ball 1-1: Ball 2-1: Foul Ball, location: 7LDF 2-2: Ball 3-2: Foul Ball, location: 2F 3-2: Base on Balls
|
Batting: LHB Jose Montanez
|
0-0: Called Strike 0-1: Called Strike 0-2: Ball 1-2: Ball 2-2: Fly out, F9 (Flyball, 9, EV 83.8 MPH)
|
Batting: RHB Curtis Thomasson
|
0-0: Ball 1-0: Foul Ball, location: 2F 1-1: Swinging Strike 1-2: Ball 2-2: Ball 3-2: Foul Ball, location: 2F 3-2: DOUBLE (Groundball, 5L, EV 100.6 MPH) Tom Ferrell to third Runner from 3rd tries for Home, SAFE, throw by LF to trailing runner, SAFE at third!
|
Batting: RHB Ricardo Duran
|
0-0: Called Strike 0-1: Foul Ball, location: 5FF 0-2: Strikes out swinging
|
Batting: SHB Jonathan Battle
|
0-0: Ground out 4-3 (Groundball, 4, EV 81.3 MPH)
|
Top of the 3rd over - 1 run, 1 hit, 0 errors, 1 left on base; Las Vegas 3 - Tacoma 3 |
BOTTOM OF THE 3RD |
Tacoma Rainiers batting - Pitching for Las Vegas 51s : LHP Bill Burroughs
|
Batting: LHB Nick Moats
|
0-0: Ball 1-0: Called Strike 1-1: Ball 2-1: Swinging Strike 2-2: Ball 3-2: Foul Ball, location: 2F 3-2: Foul Ball, location: 2F 3-2: Foul Ball, location: 23F 3-2: Strikes out swinging, 2-3 out at first.
|
Batting: RHB Jose Falcon
|
0-0: Foul Ball, location: 2F 0-1: Ball 1-1: Ball 2-1: Ball 3-1: Foul Ball, location: 2F 3-2: DOUBLE (Line Drive, 89D, EV 110.0 MPH)
|
Batting: RHB Mike Sloan
|
0-0: Fly out, F5 (Line Drive, 5, EV 64.4 MPH)
|
Batting: RHB Matt Paris
|
0-0: DOUBLE (Line Drive, 89D, EV 106.3 MPH) Jose Falcon scores
|
Batting: RHB Adam Sproles
|
0-0: Ball 1-0: TRIPLE (Flyball, 8RXD, EV 100.0 MPH) Matt Paris scores
|
Pitching: RHP Craig Darnell
|
|
Batting: RHB Roberto Penaloza
|
0-0: Fly out, F8 (Flyball, 78M, EV 91.3 MPH)
|
Bottom of the 3rd over - 2 runs, 3 hits, 0 errors, 1 left on base; Las Vegas 3 - Tacoma 5 |
TOP OF THE 4TH |
Las Vegas 51s batting - Pitching for Tacoma Rainiers : RHP Tyler Lovelace
|
Batting: RHB Joe McNally
|
0-0: Ball 1-0: Ball 2-0: Called Strike 2-1: Ball 3-1: Base on Balls
|
Batting: RHB Thomas Laviosa
|
0-0: Called Strike 0-1: Foul Ball, location: 2F 0-2: SINGLE (Line Drive, 4D, EV 93.8 MPH) Joe McNally to second
|
Batting: RHB Shawn Atkin
|
0-0: Ball 1-0: Ball 2-0: Called Strike 2-1: Foul Ball, location: 3SF 2-2: Grounds into double play, 5-4-3 (Groundball, 56S, EV 77.5 MPH) Joe McNally to third
|
Batting: RHB Leo Lafarga
|
0-0: Called Strike 0-1: Ball 1-1: Ground out 5-3 (Groundball, 15, EV 82.5 MPH)
|
Top of the 4th over - 0 runs, 1 hit, 0 errors, 1 left on base; Las Vegas 3 - Tacoma 5 |
BOTTOM OF THE 4TH |
Tacoma Rainiers batting - Pitching for Las Vegas 51s : RHP Craig Darnell
|
Batting: RHB Jose Valle
|
0-0: Ball 1-0: Called Strike 1-1: Ground out 5-3 (Groundball, 56, EV 89.4 MPH)
|
Batting: LHB Matt Stansbury
|
0-0: Ball 1-0: Swinging Strike 1-1: Ball 2-1: Ball 3-1: Fly out, F7 (Line Drive, 7, EV 96.3 MPH)
|
Batting: RHB Ray McNary
|
0-0: Called Strike 0-1: Ground out 5-3 (Groundball, 56, EV 87.5 MPH)
|
Bottom of the 4th over - 0 runs, 0 hits, 0 errors, 0 left on base; Las Vegas 3 - Tacoma 5 |
TOP OF THE 5TH |
Las Vegas 51s batting - Pitching for Tacoma Rainiers : RHP Tyler Lovelace
|
Batting: RHB Tom Ferrell
|
0-0: Ball 1-0: Ball 2-0: Called Strike 2-1: Ball 3-1: Fly out, F9 (Flyball, 9LDF, EV 95.0 MPH)
|
Batting: LHB Jose Montanez
|
0-0: Called Strike 0-1: Ball 1-1: Swinging Strike 1-2: Ground out 4-3 (Groundball, 34, EV 92.5 MPH)
|
Batting: RHB Curtis Thomasson
|
0-0: Ball 1-0: Swinging Strike 1-1: Called Strike 1-2: Ball 2-2: Strikes out looking
|
Top of the 5th over - 0 runs, 0 hits, 0 errors, 0 left on base; Las Vegas 3 - Tacoma 5 |
BOTTOM OF THE 5TH |
Tacoma Rainiers batting - Pitching for Las Vegas 51s : RHP Craig Darnell
|
Batting: LHB Nick Moats
|
0-0: Called Strike 0-1: Swinging Strike 0-2: Fly out, F8 (Line Drive, 8RM, EV 92.5 MPH)
|
Batting: RHB Jose Falcon
|
0-0: Ball 1-0: Called Strike 1-1: Called Strike 1-2: Strikes out looking
|
Batting: RHB Mike Sloan
|
0-0: Ball 1-0: Called Strike 1-1: Swinging Strike 1-2: Ball 2-2: Foul Ball, location: 25F 2-2: Ball 3-2: Strikes out swinging
|
Bottom of the 5th over - 0 runs, 0 hits, 0 errors, 0 left on base; Las Vegas 3 - Tacoma 5 |
TOP OF THE 6TH |
Las Vegas 51s batting - Pitching for Tacoma Rainiers : RHP Tyler Lovelace
|
Batting: RHB Ricardo Duran
|
0-0: Ball 1-0: Ball 2-0: Ball 3-0: Base on Balls
|
Batting: SHB Jonathan Battle
|
0-0: Fly out, F8 (Flyball, 8LM, EV 86.9 MPH)
|
Batting: RHB Joe McNally
|
0-0: Ball 1-0: Ball 2-0: Swinging Strike 2-1: Called Strike 2-2: Ball 3-2: Grounds into double play, 4-6-3 (Groundball, 4M, EV 88.8 MPH)
|
Top of the 6th over - 0 runs, 0 hits, 0 errors, 0 left on base; Las Vegas 3 - Tacoma 5 |
BOTTOM OF THE 6TH |
Tacoma Rainiers batting - Pitching for Las Vegas 51s : RHP Craig Darnell
|
Batting: RHB Matt Paris
|
0-0: Called Strike 0-1: Swinging Strike 0-2: Ball 1-2: Fly out, F8 (Line Drive, 8RM, EV 96.3 MPH)
|
Batting: RHB Adam Sproles
|
0-0: Ball 1-0: Foul Ball, location: 2F 1-1: Ball 2-1: Ball 3-1: Fly out, F9 (Flyball, 9, EV 78.8 MPH)
|
Batting: RHB Roberto Penaloza
|
0-0: Fly out, F7 (Flyball, 78D, EV 85.6 MPH)
|
Bottom of the 6th over - 0 runs, 0 hits, 0 errors, 0 left on base; Las Vegas 3 - Tacoma 5 |
TOP OF THE 7TH |
Las Vegas 51s batting - Pitching for Tacoma Rainiers : RHP Tyler Lovelace
|
Batting: RHB Thomas Laviosa
|
0-0: Foul Ball, location: 23F 0-1: Ball 1-1: Ball 2-1: Called Strike 2-2: Foul Ball, location: 2F 2-2: Foul Ball, location: 7LDF 2-2: Foul Ball, location: 2F 2-2: Strikes out swinging
|
Batting: RHB Shawn Atkin
|
0-0: Called Strike 0-1: Called Strike 0-2: Ball 1-2: Foul Ball, location: 9LDF 1-2: Fly out, F9 (Flyball, 9, EV 86.3 MPH)
|
Batting: RHB Leo Lafarga
|
0-0: Ball 1-0: SINGLE (Line Drive, 6D, EV 96.9 MPH)
|
Pitching: RHP Oscar Vallejo
|
|
Batting: RHB Tom Ferrell
|
0-0: Ball 1-0: Ball 2-0: Foul Ball, location: 3SF 2-1: Swinging Strike 2-2: Ball 3-2: Base on Balls Leo Lafarga to second
|
Batting: LHB Jose Montanez
|
0-0: Foul Ball, location: 7LSF 0-1: Foul Ball, location: 25F 0-2: Ball 1-2: Ball 2-2: Ball 3-2: Reached on error, E5 (Groundball, 5, EV 86.3 MPH) Leo Lafarga to third Tom Ferrell to second
|
Batting: RHB Curtis Thomasson
|
0-0: Ball 1-0: Fielders Choice at 3rd, U5 (Groundball, 5, EV 93.1 MPH)
|
Top of the 7th over - 0 runs, 1 hit, 1 error, 2 left on base; Las Vegas 3 - Tacoma 5 |
BOTTOM OF THE 7TH |
Tacoma Rainiers batting - Pitching for Las Vegas 51s : RHP Craig Darnell
|
Batting: RHB Jose Valle
|
0-0: Ball 1-0: Ball 2-0: Called Strike 2-1: Fly out, F8 (Flyball, 8RXD, EV 101.3 MPH)
|
Batting: LHB Matt Stansbury
|
0-0: Called Strike 0-1: Fly out, F3 (Popup, 23F, EV 83.8 MPH)
|
Batting: RHB Ray McNary
|
0-0: Called Strike 0-1: Ground out 6-3 (Groundball, 6, EV 111.3 MPH)
|
Bottom of the 7th over - 0 runs, 0 hits, 0 errors, 0 left on base; Las Vegas 3 - Tacoma 5 |
TOP OF THE 8TH |
Las Vegas 51s batting - Pitching for Tacoma Rainiers : RHP Oscar Vallejo
|
Pitching: RHP Jesus Arias
|
|
Batting: RHB Ricardo Duran
|
0-0: Swinging Strike 0-1: Foul Ball, location: 2LF 0-2: Ball 1-2: Strikes out swinging
|
Batting: SHB Jonathan Battle
|
0-0: Ball 1-0: Ground out U3 (Groundball, 3, EV 89.4 MPH)
|
Batting: RHB Joe McNally
|
0-0: Ball 1-0: DOUBLE (Flyball, 89D, EV 95.0 MPH)
|
Batting: RHB Thomas Laviosa
|
0-0: Ground out 6-3 (Groundball, 6, EV 82.5 MPH)
|
Top of the 8th over - 0 runs, 1 hit, 0 errors, 1 left on base; Las Vegas 3 - Tacoma 5 |
BOTTOM OF THE 8TH |
Tacoma Rainiers batting - Pitching for Las Vegas 51s : RHP Craig Darnell
|
Batting: LHB Nick Moats
|
0-0: Fly out, F7 (Flyball, 7LM, EV 98.1 MPH)
|
Batting: RHB Jose Falcon
|
0-0: Swinging Strike 0-1: Ball 1-1: Ball 2-1: Foul Ball, location: 2F 2-2: Ball 3-2: Base on Balls
|
Batting: RHB Mike Sloan
|
0-0: Foul Ball, location: 25F 0-1: Swinging Strike 0-2: Ball 1-2: Ball 2-2: Fly out, F8 (Line Drive, 8LM, EV 81.9 MPH)
|
Batting: RHB Matt Paris
|
0-0: Called Strike 0-1: Foul Ball, location: 5F 0-2: Ball 1-2: Foul Ball, location: 7LMF 1-2: Ball Wild Pitch! Jose Falcon to second 2-2: Ground out 5-3 (Groundball, 5, EV 108.1 MPH)
|
Bottom of the 8th over - 0 runs, 0 hits, 0 errors, 1 left on base; Las Vegas 3 - Tacoma 5 |
TOP OF THE 9TH |
Las Vegas 51s batting - Pitching for Tacoma Rainiers : RHP Jesus Arias
|
Batting: RHB Shawn Atkin
|
0-0: Called Strike 0-1: Swinging Strike 0-2: Strikes out swinging
|
Pinch Hitting: LHB Evan Peterson
|
0-0: Ball 1-0: Swinging Strike 1-1: Ground out 4-3 (Groundball, 4, EV 78.1 MPH)
|
Batting: RHB Tom Ferrell
|
0-0: Ball 1-0: Ball 2-0: Ball 3-0: Called Strike 3-1: Base on Balls
|
Batting: LHB Jose Montanez
|
0-0: SINGLE (Line Drive, 8RS, EV 90.6 MPH) Tom Ferrell to second
|
Batting: RHB Curtis Thomasson
|
0-0: Foul Ball, location: 2F 0-1: Foul Ball, location: 3FF 0-2: Strikes out looking
|
Top of the 9th over - 0 runs, 1 hit, 0 errors, 2 left on base; Las Vegas 3 - Tacoma 5 |
|